[Event "*** Titled Tuesday Blitz"]
[Site "Chess.com"]
[Date "2021.02.02"]
[Round "2"]
[White "erdni1993"]
[Black "KarateBaby"]
[Result "1-0"]
[WhiteElo "2449"]
[BlackElo "2230"]
[TimeControl "180+1"]
[EndTime "10:19:42 PST"]
[Termination "erdni1993 won by checkmate"]

1. d4 Nf6 2. c4 g6 3. Nc3 Bg7 4. e3 O-O 5. Nf3 d6 6. Be2 Nbd7 7. O-O e5 8. dxe5 dxe5 9. b3 c6 10. Bb2 Qe7 11. Qc2 Nc5 12. Nd2 Bf5 13. e4 Bc8 14. Nf3 Bg4 15. h3 Bxf3 16. Bxf3 Ne6 17. Ne2 Rad8 18. g3 Nd7 19. Rad1 f5 20. exf5 gxf5 21. h4 f4 22. Be4 Ndc5 23. Bxh7+ Kh8 24. Bf5 f3 25.
Nc1 Nf4 26. Rxd8 Rxd8 27. Bg4 e4 28. Re1 Ng2 29. Bxg7+ Qxg7 30. Rxe4 Nxe4 31. Qxe4 Rd1+ 32. Kh2 Rxc1 33. Qe8+ Kh7 34. Bf5+ Kh6 35. Qe6+ Kh5 36. g4+ Kxh4 37. Qd6 Qg5 38. Qg3# 1-0

[Event "*** Titled Tuesday Blitz"]
[Site "Chess.com"]
[Date "2021.02.02"]
[Round "2"]
[White "Mimsychess"]
[Black "onetowin"]
[Result "0-1"]
[WhiteElo "2364"]
[BlackElo "2015"]
[TimeControl "180+1"]
[EndTime "10:19:42 PST"]
[Termination "onetowin won on time"]

1. d4 b6 2. e4 Bb7 3. Bd3 e6 4. Nf3 Nf6 5. Nc3 c5 6. O-O cxd4 7. Nxd4 Nc6 8. Nxc6 Bxc6 9. e5 Nd5 10. Ne4 f5 11.
exf6 Nxf6 12. Bg5 Be7 13. Bxf6 Bxf6 14. Qh5+ g6 15. Qh6 Qe7 16. Nxf6+ Qxf6 17. c3 O-O-O 18. a4 Qe5 19. Rfe1 Qd5 20. Be4 Qc5 21. b4 Qc4 22. Bxc6 Qxc6 23. a5 Kb7 24. Qe3 Rhf8 25. Ra3 b5 26. a6+ Kb8 27. Ra5 Rf5 28. f3 Rdf8 29. Qd4 Rd5 30. Qe3 Rff5 31. Rc1 Rfe5 32. Qf4 Qb6+ 33. Kh1 Ka8 34. Qf8+ Qb8 35. Qe7 Rh5 36. h3 Rd2 0-1

[Event "*** Titled Tuesday Blitz"]
[Site "Chess.com"]
[Date "2021.02.02"]
[Round "2"]
[White "muchojogo"]
[Black "HElissalt"]
[Result "1-0"]
[WhiteElo "2463"]
[BlackElo "2245"]
[TimeControl "180+1"]
[EndTime "10:19:43 PST"]
[Termination "muchojogo won by resignation"]

1. e4 d6 2. d4 Nf6 3. Nc3 e5 4. Nf3 Nbd7 5. Bc4 Be7 6. O-O O-O 7. Re1 b6 8. a4 a6 9. h3 Bb7 10. dxe5 Nxe5 11. Nxe5 dxe5 12. Qf3 Bb4 13. Bg5 Bxc3 14.
Qxc3 Nxe4 15. Bxd8 Nxc3 16. Bxc7 Rac8 17. Bxe5 Rxc4 18.
Bxc3 Be4 19. Re2 Bg6 20. Rd1 b5 21. axb5 axb5 22. Rd4 Rxd4 23. Bxd4 h6 24. Re5 Bxc2 25. Rxb5 Rd8 26. Bc3 Rc8 27. Rb7 Be4 28. Re7 Bd5 29.
f3 Be6 30. Ra7 h5 31. Kf2 Rb8 32. h4 Kh7 33. Ra5 Kg6 34. Rg5+ Kh6 35. Bxg7+ Kh7 36. Bc3 Rd8 37. Rxh5+ Kg6 38. Rg5+ Kh6 39. Re5 Rd1 40.
Re1 Rd3 41. Re3 Rd1 42. g4 Kg6 43. Kg3 Rg1+ 44. Kf4 Rf1 45. h5+ Kh7 46. Rd3 1-0

[Event "*** Titled Tuesday Blitz"]
[Site "Chess.com"]
[Date "2021.02.02"]
[Round "2"]
[White "Sokoloco"]
[Black "HackWithBlack"]
[Result "1-0"]
[WhiteElo "2490"]
[BlackElo "2289"]
[TimeControl "180+1"]
[EndTime "10:19:44 PST"]
[Termination "Sokoloco won by resignation"]

1. b3 d5 2. Bb2 c5 3. e3 Nc6 4.
f4 Nf6 5. Nf3 Bg4 6. Bb5 e6 7.
O-O Be7 8. d3 O-O 9. Bxc6 bxc6 10. Nbd2 Nd7 11. Qe1 Bxf3 12. Nxf3 Bf6 13. Ne5 Bxe5 14.
Bxe5 Nxe5 15. fxe5 Qg5 16. d4 cxd4 17. exd4 Qg6 18.
Qd2 Rac8 19. b4 f6 20. exf6 Rxf6 21. Rxf6 Qxf6 22. Re1 Re8 23. c3 e5 24. Qf2 Qxf2+ 25.
Kxf2 e4 26. a4 Kf7 27. Ke3 Ke6 28. b5 Rb8 29. bxc6 Rb6 30. c4 Rxc6 31. c5 Rc7 32. Rb1 g5 33. h3 h5 34. Rb8 Re7 35. Rh8 h4 36. Rg8 Kf5 37. Rd8 Ke6 38. Rd6+ Kf7 39. Rxd5 Rb7 40. Rxg5 1-0

[Event "*** Titled Tuesday Blitz"]
[Site "Chess.com"]
[Date "2021.02.02"]
[Round "2"]
[White "Msb2"]
[Black "Natalya_Buksa"]
[Result "1-0"]
[WhiteElo "2898"]
[BlackElo "2568"]
[TimeControl "180+1"]
[EndTime "10:19:45 PST"]
[Termination "Msb2 won by resignation"]

1. d4 d5 2. Nc3 e6 3. Bf4 Nf6 4. Nb5 Na6 5. e3 c6 6. Nc3 Bb4 7. Bxa6 bxa6 8. Nf3 a5 9. O-O Ba6 10. Re1 Ne4 11. Nxe4 dxe4 12. Nd2 Bxd2 13. Qxd2 O-O 14.
Qc3 Rc8 15. a4 Qd5 16. Qc5 Qxc5 17. dxc5 Rfd8 18. Bd6 f6 19. b3 Kf7 20. f3 exf3 21. gxf3 e5 22. Kf2 Rd7 23. e4 Rcd8 24. h4 Bc8 25. Ke3 Rb7 26. Rg1 Be6 27. Raf1 Re8 28.
h5 Rb4 29. Bc7 Rb7 30. Bxa5 g5 31. hxg6+ hxg6 32. Rh1 Kg7 33. f4 Bg4 34. Bc3 Rf7 35. fxe5 fxe5 36. Rh7+ Kxh7 37. Rxf7+ Kh6 38. Rxa7 Bd1 39.
a5 Bxc2 40. Rb7 Ra8 41. b4 Ba4 42. Bxe5 Re8 43. Kd4 Bb5 44. Rxb5 cxb5 45. c6 g5 46. c7 g4 47. Kd5 Kg5 48. Bg3 Kf6 49. Kd6 Kf7 50. Kd7 Re7+ 51. Kc8 Rxe4 52. Kb8 Re8+ 53. c8=Q Rxc8+ 54. Kxc8 Ke6 55. a6 1-0

[Event "*** Titled Tuesday Blitz"]
[Site "Chess.com"]
[Date "2021.02.02"]
[Round "2"]
[White "AlexeiShirov"]
[Black "KeithArkell"]
[Result "1-0"]
[WhiteElo "2826"]
[BlackElo "2450"]
[TimeControl "180+1"]
[EndTime "10:19:45 PST"]
[Termination "AlexeiShirov won by resignation"]

1. e4 c6 2. d4 d5 3. e5 c5 4.
dxc5 Nc6 5. Nf3 Bg4 6. Bb5 Bxf3 7. Qxf3 Qa5+ 8. Nc3 e6 9. Bd2 Qc7 10. O-O-O Bxc5 11. Qg3 g6 12. h4 Ne7 13. h5 O-O-O 14. Bg5 Nf5 15. Qf4 Rdf8 16. Bf6 Rhg8 17. Bxc6 Qxc6 18. hxg6 hxg6 19. g4 Ng7 20. Rh7 Ne8 21. Bg5 Qd7 22. Bh6 g5 23. Qf3 a6 24. Bxf8 Rxf8 25. Rdh1 Bd4 26.
Qg3 Kb8 27. Rh8 Rxh8 28. Rxh8 Ka7 29. Ne2 Bb6 30. Qd3 Nc7 31. f3 Qa4 32. a3 Qa5 33.
Rh1 Qc5 34. Rd1 Qf2 35. Kb1 Nb5 36. a4 Nc7 37. b4 a5 38. c3 axb4 39. cxb4 Na6 40.
a5 Be3 41. b5 Nc5 42. b6+ Kb8 43. Qb5 1-0

[Event "*** Titled Tuesday Blitz"]
[Site "Chess.com"]
[Date "2021.02.02"]
[Round "2"]
[White "Sergienko_Sergey"]
[Black "Flawless_Fighter"]
[Result "0-1"]
[WhiteElo "2390"]
[BlackElo "2690"]
[TimeControl "180+1"]
[EndTime "10:19:45 PST"]
[Termination "Flawless_Fighter won by resignation"]

1. e4 c6 2. Nc3 d5 3. Nf3 Bg4 4. h3 Bxf3 5. Qxf3 e6 6. d3 Nd7 7. a3 Ngf6 8. g3 Be7 9. Bg2 O-O 10.
O-O Rc8 11. Qe2 Bc5 12. Kh1 g6 13. e5 Nh5 14. g4 Ng7 15. f4 f6 16. exf6 Qxf6 17.
Bd2 Rce8 18. Rae1 Bd4 19. Nd1 e5 20. fxe5 Qxe5 21. Rxf8+ Rxf8 22. c3 Qxe2 23. Rxe2 Bc5 24. d4 Bd6 25. Nf2 Nb6 26. Kg1 Nc4 27. Bc1 a5 28. Nd3 a4 29. Rf2 Rf7 30. Rxf7 Kxf7 31.
Kf2 Ne8 32. Ke2 Nf6 33. Nf2 Ke6 34. Kd3 h5 35. Bf3 h4 36. g5 Nd7 37. Bg4+ Ke7 38.
Nd1 b5 39. Ne3 Bf4 40. Bxd7 Kxd7 41. Nxc4 bxc4+ 42. Kc2 Bxc1 43. Kxc1 Ke6 44. Kd2 Kf5 45. Ke3 Kxg5 0-1

[Event "*** Titled Tuesday Blitz"]
[Site "Chess.com"]
[Date "2021.02.02"]
[Round "2"]
[White "Make_it_shine060"]
[Black "ChelsieMonica"]
[Result "1-0"]
[WhiteElo "2164"]
[BlackElo "2390"]
[TimeControl "180+1"]
[EndTime "10:19:45 PST"]
[Termination "Make_it_shine060 won by resignation"]

1. d4 Nf6 2. c4 c5 3. d5 g6 4. Nc3 d6 5. e4 Bg7 6. Nf3 O-O 7. Be2 Nbd7 8. Bg5 h6 9. Bh4 g5 10.
Bg3 Nh5 11. Qd2 Nxg3 12. hxg3 Ne5 13. Nxe5 dxe5 14. Qe3 b6 15. Rd1 a6 16. f4 exf4 17. gxf4 gxf4 18. Qxf4 Qd6 19. Qh4 f5 20. O-O f4 21.
Bg4 Rf6 22. e5 Qxe5 23. Rfe1 Qg5 24. Qxg5 hxg5 25. Bxc8 Rxc8 26. Rxe7 g4 27. Ne4 Rg6 28.
d6 Bd4+ 29. Rxd4 cxd4 30. d7 Rf8 31. Re8 Rd6 32. Nxd6 1-0

[Event "*** Titled Tuesday Blitz"]
[Site "Chess.com"]
[Date "2021.02.02"]
[Round "2"]
[White "Marcin"]
[Black "Sippp"]
[Result "0-1"]
[WhiteElo "2513"]
[BlackElo "2792"]
[TimeControl "180+1"]
[EndTime "10:19:46 PST"]
[Termination "Sippp won by resignation"]

1. d4 d6 2. Nf3 Nf6 3. c4 g6 4. Nc3 Bg7 5. e4 O-O 6. Be2 Bg4 7. Be3 Nfd7 8. Ng1 Bxe2 9. Ngxe2 c5 10. O-O cxd4 11.
Nxd4 Nc6 12. Nde2 Rc8 13. Rc1 a6 14. f4 Qa5 15. b3 Rfe8 16. a4 Nc5 17. f5 Qb4 18. f6 exf6 19. Bxc5 Qxc5+ 20. Kh1 Ne5 21. Nf4 h5 22. Nfd5 Nd7 23. Rc2 Re5 24. Rcf2 Rce8 25.
h3 Rg5 26. Qd3 h4 27. Rf4 Rg3 28. Qc2 g5 29. R4f3 Rxf3 30. Rxf3 Re6 31. Qf2 Qxf2 32. Rxf2 Nc5 33. b4 Nxe4 34. Nxe4 Rxe4 35. Nxf6+ Bxf6 36. Rxf6 Rxc4 37. b5 Rxa4 38. Rxd6 axb5 39. Rb6 Rb4 40. Rxb7 Kg7 41. Rb6 f6 42. Kg1 Rb2 0-1

[Event "*** Titled Tuesday Blitz"]
[Site "Chess.com"]
[Date "2021.02.02"]
[Round "2"]
[White "kakakz"]
[Black "ohajek96"]
[Result "1-0"]
[WhiteElo "2462"]
[BlackElo "2248"]
[TimeControl "180+1"]
[EndTime "10:19:46 PST"]
[Termination "kakakz won by resignation"]

1. g3 g6 2. Bg2 Bg7 3. c4 e5 4.
Nc3 f5 5. d4 d6 6. dxe5 dxe5 7.
Qxd8+ Kxd8 8. Bg5+ Bf6 9. O-O-O+ Ke8 10. h4 c6 11. Nf3 Nd7 12. e4 h6 13. Be3 Ne7 14. h5 g5 15. exf5 Nxf5 16. Ne4 Kf7 17. Bh3 Nxe3 18. fxe3 Nb6 19. Bxc8 Raxc8 20. Nh2 Rhd8 21.
Rhf1 Rxd1+ 22. Kxd1 Rd8+ 23. Ke2 Nd7 24. Ng4 Rf8 25.
Ngxf6 Nxf6 26. Rxf6+ Ke7 27. Rxf8 Kxf8 28. Kf3 Ke7 29.
Kg4 Ke6 30. b4 b6 31. a4 a6 32. a5 bxa5 33. bxa5 c5 34. Nxc5+ Kd6 35. Nxa6 Kc6 36.
Kf5 1-0

[Event "*** Titled Tuesday Blitz"]
[Site "Chess.com"]
[Date "2021.02.02"]
[Round "2"]
[White "BairaKovanova"]
[Black "Sanyura"]
[Result "0-1"]
[WhiteElo "2486"]
[BlackElo "2711"]
[TimeControl "180+1"]
[EndTime "10:19:47 PST"]
[Termination "Sanyura won on time"]

1. e4 c5 2. Nf3 e6 3. d3 Nc6 4. g3 g6 5. Bg2 Bg7 6. O-O Nge7 7.
c3 d5 8. Qe2 b6 9. Re1 a5 10. e5 Qc7 11. a4 Ba6 12. Na3 h6 13.
Nb5 Bxb5 14. axb5 Nb8 15. h4 Nd7 16. c4 Rd8 17. Bf4 d4 18. Qd2 g5 19. hxg5 hxg5 20. Nxg5 Bxe5 21. Bxe5 Nxe5 22. Ne4 N7g6 23. Qg5 Nxd3 24.
Nf6+ Kf8 25. Rxe6 fxe6 26. Qxg6 Ne5 27. Qg5 Nf7 28. Qg4 Qe5 29. Ne4 Qf5 30. Qe2 d3 31. Qe3 Ne5 32. f4 Ng4 33. Qf3 d2 34. Rd1 Nh2 35. Qe3 e5 36. Ng5 Qc2 37. Ne6+ Ke7 0-1

[Event "*** Titled Tuesday Blitz"]
[Site "Chess.com"]
[Date "2021.02.02"]
[Round "2"]
[White "Monmoransy"]
[Black "IngOscarArdila"]
[Result "1-0"]
[WhiteElo "2616"]
[BlackElo "2230"]
[TimeControl "180+1"]
[EndTime "10:19:48 PST"]
[Termination "Monmoransy won by resignation"]

1. e4 e5 2. Nf3 Nf6 3. Nxe5 d6 4. Nf3 Nxe4 5. d3 Nf6 6. d4 Be7 7. Bd3 O-O 8. O-O Bg4 9. c3 Nbd7 10. Re1 Re8 11. Bg5 c6 12. Nbd2 h6 13. Bf4 Nd5 14.
Bg3 N7f6 15. h3 Bh5 16. Qc2 Bf8 17. Bh2 Rxe1+ 18. Rxe1 Ne7 19. Nh4 Qd7 20. Nf5 Nxf5 21. Bxf5 Re8 22. Re3 Rxe3 23. fxe3 Qe8 24. Kf2 Bg6 25.
Bxg6 fxg6 26. Qb3+ Qf7 27. Qxf7+ Kxf7 28. e4 d5 29. Ke3 dxe4 30. Nxe4 Nxe4 31. Kxe4 Ke6 32. c4 a6 33. a4 g5 34. g4 Bb4 35. b3 g6 36. Be5 Be7 37. Bg7 h5 38. Be5 Bd8 39.
b4 b5 40. d5+ cxd5+ 41. cxd5+ Kd7 42. axb5 axb5 43. Bd4 Be7 44. Bc5 Bd6 45. Bxd6 Kxd6 46. Kd4 hxg4 47. hxg4 Ke7 48. Kc5 Kf6 49. d6 Ke5 50. d7 Ke6 51. Kc6 Ke5 1-0

[Event "*** Titled Tuesday Blitz"]
[Site "Chess.com"]
[Date "2021.02.02"]
[Round "2"]
[White "BL4D3RUNN3R"]
[Black "Stronger1799"]
[Result "0-1"]
[WhiteElo "2214"]
[BlackElo "2613"]
[TimeControl "180+1"]
[EndTime "10:19:48 PST"]
[Termination "Stronger1799 won on time"]

1. Nf3 Nf6 2. c4 g6 3. b4 d5 4. cxd5 Qxd5 5. g3 a5 6. Nc3 Qh5 7. b5 Bg7 8. h3 O-O 9. Bg2 c6 10.
a4 cxb5 11. axb5 Ne4 12. Bb2 Nxc3 13. Bxc3 Bxc3 14. dxc3 Qxb5 15. O-O Nc6 16. Nd4 Qc5 17. Rc1 e5 18. Nxc6 bxc6 19. Qa4 Ba6 20. Qxc6 Qxc6 21. Bxc6 Bxe2 22. Rfe1 Ra6 23. Rxe2 Rxc6 24. Rxe5 Ra8 25. Ra1 a4 26. Ra3 Rc4 27. Re7 Kg7 28. Kg2 Kf6 29. Rb7 h5 30. Kf3 h4 31. Rb6+ Kg5 32. Rb5+ Kh6 33.
Rb4 Rac8 34. Rxc4 Rxc4 35. Ke3 f5 36. Kd3 Re4 37. g4 Kg5 38. f3 Re1 0-1

[Event "*** Titled Tuesday Blitz"]
[Site "Chess.com"]
[Date "2021.02.02"]
[Round "2"]
[White "MatyChess1"]
[Black "Annawel"]
[Result "0-1"]
[WhiteElo "2585"]
[BlackElo "2928"]
[TimeControl "180+1"]
[EndTime "10:19:49 PST"]
[Termination "Annawel won by checkmate"]

1. e4 c5 2. Nf3 d6 3. Nc3 a6 4. g3 Nf6 5. Bg2 Nc6 6. O-O g6 7. d4 cxd4 8. Nxd4 Bd7 9. Nde2 Bg7 10. h3 O-O 11. Be3 Rc8 12. a4 Rb8 13. Qd2 b5 14. axb5 axb5 15. Bh6 b4 16. Nd5 Bh8 17. Bxf8 Qxf8 18.
f4 Nxd5 19. exd5 Nd8 20. Ra7 Bb5 21. Re1 Bxb2 22. Qxb4 Bf6 23. Kh2 h5 24. c4 Nc6 25.
dxc6 Bxc6 26. Qa3 Bxg2 27. Kxg2 Kg7 28. Nc3 Qc8 29. c5 Qc6+ 30. Kh2 dxc5 31. Ne4 Rb2+ 32. Kh1 Qe6 33. Qxb2 Bxb2 34. Kg2 f5 35. Re2 Bd4 36. Nc3 Qc6+ 37. Kf1 Qh1# 0-1

[Event "*** Titled Tuesday Blitz"]
[Site "Chess.com"]
[Date "2021.02.02"]
[Round "2"]
[White "anantone"]
[Black "TimofeevAr"]
[Result "0-1"]
[WhiteElo "2545"]
[BlackElo "2857"]
[TimeControl "180+1"]
[EndTime "10:19:49 PST"]
[Termination "TimofeevAr won on time"]

1. e4 d5 2. exd5 Nf6 3. Nf3 Nxd5 4. d4 g6 5. c4 Nf6 6. h3 Bg7 7. Be2 O-O 8. Be3 b6 9. Nc3 Bb7 10. O-O Nbd7 11. Qd2 e6 12. Rfd1 Qe7 13.
Rac1 c5 14. d5 exd5 15. cxd5 a6 16. a4 Rfe8 17. Bc4 Ne4 18. Nxe4 Qxe4 19. b3 Rad8 20. Qd3 Qxd3 21. Rxd3 Nf6 22. Rcd1 Ne4 23. Bf4 Nd6 24.
Bxd6 Rxd6 25. Re3 Red8 26. Re7 R6d7 27. Rde1 Kf8 28. d6 Bf6 29. Rxd7 Rxd7 30. Rd1 h5 31.
Kf1 Ke8 32. Ke2 Kd8 33. Bd5 Bxd5 34. Rxd5 Kc8 35. Nd2 Kb7 36. Ne4 Bd4 37. Rg5 f5 38. Nd2 Rxd6 39. g4 fxg4 40. hxg4 h4 41. Nf3 h3 42. Kf1 Kc6 43. Kg1 Rf6 44. Nxd4+ cxd4 45. f3 d3 46. Kh2 d2 0-1

[Event "*** Titled Tuesday Blitz"]
[Site "Chess.com"]
[Date "2021.02.02"]
[Round "2"]
[White "verdest"]
[Black "CzechmVIII"]
[Result "1-0"]
[WhiteElo "2506"]
[BlackElo "2271"]
[TimeControl "180+1"]
[EndTime "10:19:49 PST"]
[Termination "verdest won by checkmate"]

1. d4 Nf6 2. c4 c5 3. d5 b5 4.
cxb5 a6 5. bxa6 g6 6. Nc3 Bxa6 7. e4 Qa5 8. Bd2 Bxf1 9. Kxf1 d6 10. Nf3 Bg7 11. g3 O-O 12. Kg2 Qb4 13. Qc2 Na6 14. Rhe1 Qb7 15. Bf4 Nb4 16. Qd2 c4 17. Re2 Nd3 18.
Rb1 Ng4 19. h3 Nge5 20. Nxe5 Nxe5 21. Bh6 f5 22. Bxg7 Kxg7 23. exf5 Rxf5 24. Rbe1 Rf7 25. Qd4 Kg8 26. f4 Nd3 27. Rf1 Qa6 28. f5 Rb8 29. fxg6 hxg6 30. Rxf7 Kxf7 31. Ne4 Rxb2 32. Ng5+ Ke8 33. Rxb2 Nxb2 34. Qxb2 c3 35. Qxc3 Qe2+ 36.
Kg1 Qd1+ 37. Kf2 Qh1 38. Qc8# 1-0

[Event "*** Titled Tuesday Blitz"]
[Site "Chess.com"]
[Date "2021.02.02"]
[Round "2"]
[White "MaevskiyNikolay"]
[Black "jefferyx"]
[Result "0-1"]
[WhiteElo "2588"]
[BlackElo "2969"]
[TimeControl "180+1"]
[EndTime "10:19:50 PST"]
[Termination "jefferyx won by checkmate"]

1. d4 Nf6 2. c4 c5 3. d5 b5 4. cxb5 a6 5. bxa6 g6 6. Nc3 Bxa6 7. Nf3 d6 8. g3 Bg7 9. Bg2 O-O 10. O-O Nbd7 11.
Rb1 Nb6 12. Nh4 Qd7 13. Re1 Rfb8 14. Bd2 Nc4 15. b3 Nxd2 16. Qxd2 Qb7 17. e4 Ng4 18. Nf3 Qb4 19. Rbc1 Bh6 20. Qc2 Bxc1 21. Rxc1 c4 22. bxc4 Bxc4 23. h3 Ne5 24. Nxe5 dxe5 25. Qd2 Rc8 26. Rc2 Ra3 27. Nd1 Qxd2 28. Rxd2 Rxa2 29. Rxa2 Bxa2 30. Ne3 Rc1+ 31. Kh2 h5 32. Bf3 Kg7 33. Kg2 Bb3 34. Be2 Kf6 35. h4 Ra1 36. Bf3 Ra4 37. Kf1 Ba2 38. Nd1 Bb3 39. Ne3 Ba2 40. Nd1 Rd4 41.
Nc3 Bc4+ 42. Be2 e6 43. dxe6 Kxe6 44. f3 f5 45. Kf2 Bxe2 46. Kxe2 Rb4 47. Nd5 Rb2+ 48.
Kf1 Rb3 49. Ke2 Kd6 50. Ne3 fxe4 51. fxe4 Kc5 52. Nd5 Kd4 53. Ne7 Rxg3 54. Kf2 Rg4 55. Kf3 Rf4+ 56. Kg3 Kxe4 57. Nc8 Rg4+ 58. Kh3 Kf3 59. Ne7 e4 60. Nc6 e3 61. Ne5+ Kf2 62.
Nd3+ Kf1 63. Kh2 e2 64. Nf2 Kxf2 65. Kh3 Rf4 66. Kh2 Rxh4# 0-1

[Event "*** Titled Tuesday Blitz"]
[Site "Chess.com"]
[Date "2021.02.02"]
[Round "2"]
[White "SanQui14"]
[Black "KRSilva"]
[Result "1-0"]
[WhiteElo "2436"]
[BlackElo "2206"]
[TimeControl "180+1"]
[EndTime "10:19:50 PST"]
[Termination "SanQui14 won by resignation"]

1. d4 g6 2. c4 Bg7 3. Nc3 d6 4. Nf3 Nd7 5. Bf4 c5 6. e3 Ngf6 7. Bd3 O-O 8. h3 b6 9. O-O Bb7 10. d5 a6 11. a4 h6 12. Qd2 g5 13. Bh2 Ne8 14. e4 Ne5 15. Bxe5 dxe5 16. Ra3 Nd6 17.
Rb3 Rb8 18. Ne1 e6 19. Nc2 exd5 20. exd5 f5 21. Re1 Qf6 22. Rxb6 Nxc4 23. Rxf6 Nxd2 24.
Rxf5 c4 25. Rxf8+ Rxf8 26. Bf1 Rc8 27. Ne3 e4 28. Rd1 Nb3 29. Bxc4 Nd4 30. b3 Nxb3 31. Nxe4 Nd4 32. Ba2 Kf8 33. Nd6 Rc7 34. Nef5 Be5 35. Nxd4 Bxd4 36. Rxd4 Rc1+ 37. Kh2 Bc8 38. Nxc8 Rxc8 39.
d6 Rd8 40. d7 Ke7 41. Bc4 1-0

[Event "*** Titled Tuesday Blitz"]
[Site "Chess.com"]
[Date "2021.02.02"]
[Round "2"]
[White "Flopezin"]
[Black "AntonovaNadezhda"]
[Result "1-0"]
[WhiteElo "2422"]
[BlackElo "2172"]
[TimeControl "180+1"]
[EndTime "10:19:50 PST"]
[Termination "Flopezin won on time"]

1. c4 Nf6 2. Nc3 g6 3. e4 d6 4. d4 Bg7 5. Be2 O-O 6. Nf3 e5 7.
d5 a5 8. Bg5 Na6 9. Nd2 c6 10.
Rc1 cxd5 11. cxd5 Nc5 12. O-O h6 13. Be3 Ne8 14. a3 f5 15. f3 f4 16. Bxc5 dxc5 17. Nc4 Nd6 18. Nxd6 Qxd6 19. Nb5 Qb6 20. Bc4 Kh8 21. d6 Bd7 22. Qe2 Bxb5 23. Bxb5 Qxd6 24. Rfd1 Qb6 25. Rd5 Rac8 26. Qc4 Rfd8 27. Rxd8+ Qxd8 28. Qd5 b6 29. Rd1 Bf6 30. Qb3 Qf8 31. Rd7 Rd8 32. Rb7 Qd6 33. Bc4 Qd4+ 34. Kf1 Qd1+ 35. Qxd1 Rxd1+ 36. Ke2 Rd6 37. Bd5 g5 38. a4 h5 39. Kd3 g4 40. Kc4 Bd8 41. Rf7 gxf3 42. gxf3 1-0

[Event "*** Titled Tuesday Blitz"]
[Site "Chess.com"]
[Date "2021.02.02"]
[Round "2"]
[White "Julianos82"]
[Black "MFBerna"]
[Result "0-1"]
[WhiteElo "2301"]
[BlackElo "2504"]
[TimeControl "180+1"]
[EndTime "10:19:51 PST"]
[Termination "MFBerna won by resignation"]

1. d4 d5 2. Bf4 Bf5 3. c4 e6 4. Qb3 b6 5. Nc3 c6 6. Nf3 Nd7 7. e3 Ngf6 8. Qa4 Rc8 9. Qxa7 Bb4 10. a3 Bxc3+ 11. bxc3 O-O 12. h3 Ne4 13. Bd3 Ra8 14. Qc7 Nxc3 15. Qxd8 Rfxd8 16. Bxf5 exf5 17. cxd5 Nxd5 18. Bh2 Ra4 19. O-O Rda8 20. Ne5 Nxe5 21. Bxe5 Rxa3 22. Rxa3 Rxa3 23. Rc1 Rc3 24. Ra1 h6 25.
Ra8+ Kh7 26. Rc8 b5 27. Bd6 b4 28. Rb8 b3 29. g4 fxg4 30. hxg4 Nf6 31. g5 hxg5 32.
Kg2 Ne4 33. Be5 f6 34. Bg3 Kg6 35. Kf3 Kf5 36. Rb7 g4+ 37. Kg2 g6 38. Rb6 Ke6 39.
Bf4 Kd5 0-1

[Event "*** Titled Tuesday Blitz"]
[Site "Chess.com"]
[Date "2021.02.02"]
[Round "2"]
[White "PriSachu"]
[Black "Aslanov_Umid"]
[Result "0-1"]
[WhiteElo "2475"]
[BlackElo "2311"]
[TimeControl "180+1"]
[EndTime "10:19:51 PST"]
[Termination "Aslanov_Umid won on time"]

1. e4 c5 2. Nf3 d6 3. d4 cxd4 4. Nxd4 Nf6 5. Nc3 a6 6. h3 e6 7. g4 Be7 8. g5 Nfd7 9. Be3 O-O 10. h4 Nc6 11. Qd2 Qc7 12. O-O-O b5 13. Kb1 Bb7 14.
Nxc6 Bxc6 15. Bd3 Ne5 16. f4 Nc4 17. Bxc4 bxc4 18. h5 Rab8 19. g6 Qb7 20. b3 cxb3 21.
axb3 Bxe4 22. Nxe4 Qxe4 23. Ka2 Rfc8 24. Rh2 d5 25.
gxh7+ Kxh7 26. Bd4 Rb4 27. Bb2 Bf6 28. Bxf6 gxf6 29. Rg1 Rbc4 30. Kb1 Rc3 31. Rhg2 Rxb3+ 0-1

[Event "*** Titled Tuesday Blitz"]
[Site "Chess.com"]
[Date "2021.02.02"]
[Round "2"]
[White "frederiksvane"]
[Black "FMJoseHerrera"]
[Result "1-0"]
[WhiteElo "2764"]
[BlackElo "2503"]
[TimeControl "180+1"]
[EndTime "10:19:52 PST"]
[Termination "frederiksvane won by resignation"]

1. e4 c5 2. Nf3 e6 3. d4 cxd4 4. Nxd4 a6 5. c4 Qc7 6. Nc3 b6 7. Be2 Bb7 8. O-O d6 9. Be3 Nf6 10. f3 Nbd7 11. Qd2 Be7 12. Rfd1 Rc8 13. Rac1 h5 14.
Bf1 h4 15. Qf2 h3 16. g4 g6 17. Qg3 Ne5 18. b3 Qb8 19. Bxh3 b5 20. cxb5 Rxc3 21. Rxc3 Bxe4 22. Bf4 Ba8 23. Nc6 Bxc6 24. bxc6 Nd5 25. Rxd5 exd5 26. c7 Qc8 27. Bxe5 dxe5 28. Qxe5 Rxh3 29.
Re3 Kf8 30. Qxe7+ Kg7 31. Qd8 Rh8 32. Qxc8 Rxc8 33. Rc3 Kf6 34. Kf2 Ke5 35. h4 Kf4 36. h5 gxh5 37. gxh5 Kg5 38. Ke3 Kxh5 39. Kd4 Rxc7 40.
Rxc7 1-0

[Event "*** Titled Tuesday Blitz"]
[Site "Chess.com"]
[Date "2021.02.02"]
[Round "2"]
[White "Manukyan_Artak"]
[Black "CalinGheorghiu"]
[Result "0-1"]
[WhiteElo "2431"]
[BlackElo "2245"]
[TimeControl "180+1"]
[EndTime "10:19:52 PST"]
[Termination "CalinGheorghiu won by resignation"]

1. e4 c5 2. Nf3 d6 3. Bb5+ Bd7 4.
Bxd7+ Qxd7 5. c4 Nf6 6. Nc3 Nc6 7. d4 cxd4 8. Nxd4 e6 9. O-O Be7 10. b3 O-O 11. Bb2 a6 12. a4 Rfd8 13. Re1 Bf8 14.
Qd2 d5 15. Nxc6 bxc6 16. cxd5 cxd5 17. e5 Ne8 18. Ne2 Rab8 19. Nd4 Rdc8 20. Rec1 Bc5 21. Rab1 Rb7 22. Bc3 Rcb8 23. Qa2 f6 24. exf6 Nxf6 25. Ba1 Ne4 26. f3 Rb4 27. fxe4 Bxd4+ 28. Bxd4 Rxd4 29. exd5 Qxd5 30. Qf2 Rf8 31. Qe2 Rd2 32. Qg4 h5 33. Qg3 Qd4+ 34. Kh1 h4 35. Qg6 Qd5 36. h3 Rd3 37.
Kh2 Rg3 38. Rg1 Rxg6 0-1

[Event "*** Titled Tuesday Blitz"]
[Site "Chess.com"]
[Date "2021.02.02"]
[Round "2"]
[White "lamomiablanca"]
[Black "dennisodessa"]
[Result "1-0"]
[WhiteElo "2289"]
[BlackElo "2454"]
[TimeControl "180+1"]
[EndTime "10:19:53 PST"]
[Termination "lamomiablanca won by resignation"]

1. e4 e6 2. d4 d5 3. Nd2 Nf6 4.
e5 Nfd7 5. Bd3 c5 6. c3 Nc6 7. Ngf3 Qb6 8. O-O cxd4 9. cxd4 Nxd4 10. Nxd4 Qxd4 11. Nf3 Qb6 12. a3 Nc5 13. Bc2 a5 14.
Rb1 Bd7 15. Be3 a4 16. b4 axb3 17. Rxb3 Qa6 18. Rc3 b6 19. Nd4 Ba4 20. Bxa4+ Qxa4 21. Qb1 Qa6 22. Rfc1 g6 23. Nb5 Rc8 24. Nd6+ Bxd6 25.
exd6 O-O 26. Qc2 Rfd8 27. Bf4 f6 28. Qd1 Nd7 29. Rc7 Ne5 30. Bxe5 fxe5 31. Qg4 Rxc7 32. dxc7 Rc8 33. Qxe6+ Kf8 34. Qd6+ Kg7 35. Qxe5+ Kf8 36.
Qd6+ Kg7 37. Qxd5 b5 38. Qd7+ Kg8 39. h3 Qb7 40. Re1 Qxc7 41. Re8+ Rxe8 42. Qxc7 Re1+ 43. Kh2 Ra1 44. Qb8+ Kg7 45. Qxb5 Rxa3 46. Qb7+ Kg8 47.
Qc8+ Kg7 48. Qd7+ Kh6 49. Qd2+ Kg7 50. Qb2+ 1-0

[Event "*** Titled Tuesday Blitz"]
[Site "Chess.com"]
[Date "2021.02.02"]
[Round "2"]
[White "Phriex"]
[Black "marvinguevara"]
[Result "1-0"]
[WhiteElo "2405"]
[BlackElo "2127"]
[TimeControl "180+1"]
[EndTime "10:19:53 PST"]
[Termination "Phriex won on time"]

1. d4 f5 2. g3 Nf6 3. Bg2 g6 4. c4 Bg7 5. Nf3 d6 6. O-O O-O 7. Nc3 Qe8 8. d5 Na6 9. Be3 Ng4 10. Bd4 Ne5 11. Nxe5 dxe5 12. Be3 h6 13. Qd2 g5 14. f4 gxf4 15. gxf4 e4 16. Bd4 Bf6 17. Kh1 Kh8 18. Rg1 Bd7 19. Qe3 Qh5 20. Bxf6+ Rxf6 21. Qh3 Qxh3 22.
Bxh3 Nb4 23. a3 Nc2 24. Rac1 Nd4 25. Rgd1 Nb3 26. Rc2 a5 27. e3 Nc5 28. Rg2 Rg8 29.
Rdg1 Rxg2 30. Rxg2 Kh7 31. Rd2 Rb6 32. Ne2 Nd3 33. Nd4 Rxb2 34. Rxb2 Nxb2 35. Bxf5+ Bxf5 36. Nxf5 Nxc4 37. a4 Kg6 38. Nxe7+ Kf6 39. Ng8+ Kg7 40.
Ne7 Nxe3 41. Kg1 Kf6 42. Ng8+ Kf7 43. Nxh6+ Kg7 44. Kf2 Nxd5 45. Ng4 Nxf4 46. Ke3 Nd3 47. Kxe4 Nb2 48. Ke5 Nxa4 49. Ke6 Nb6 50. Ke5 a4 51. Kd4 Kg6 52. Ne5+ Kf5 53. Nd3 Nd7 54. Kc3 c5 55. Nb2 b5 56. Nd3 Ke4 57. Nf2+ Kf3 58. Nd3 Kg2 59. h4 Kf3 60. h5 Ke4 61. h6 Nf6 62. Nxc5+ Kd5 63. Nd7 1-0